[Event "Vladimir Bato Kontic Memorial 2021"]
[Site "Niksic"]
[Date "2021.04.16"]
[Round "1.4"]
[White "Suleymanli, Aydin"]
[Black "Tomic, Aleksandar"]
[Result "1-0"]
[ECO "E20"]
[WhiteElo "2520"]
[BlackElo "2377"]
[Annotator "broadcasts RC"]
[PlyCount "41"]
[EventDate "2021.04.17"]
[EventType "swiss"]
[EventCountry "MNE"]
[TimeControl "40/5400+30:1800+30"]

1. d4 Nf6 2. c4 e6 3. Nc3 Bb4 4. f3 c5 5. d5 O-O 6. e4 b5 7. Nh3 bxc4 8. Bxc4 exd5 9. Bxd5 Nxd5 10. Qxd5 Qb6 11. O-O Nc6 12. Be3 d6 13. Nf4 Re8 14. Qg5 Bxc3 15. bxc3 Ne5 16. Nd5 Qd8 17. Qg3 Be6 18. Bg5 Qd7 19. Nf6+ gxf6 20. Bxf6+ Bg4 21. Qh4 1-0

[Event "Vladimir Bato Kontic Memorial 2021"]
[Site "Niksic"]
[Date "2021.04.17"]
[Round "2.11"]
[White "Tomic, Aleksandar"]
[Black "Miletic, Vuk"]
[Result "1-0"]
[ECO "C02"]
[WhiteElo "2377"]
[BlackElo "2254"]
[Annotator "ChessBase"]
[PlyCount "81"]
[EventDate "2021.04.17"]
[EventType "swiss"]
[EventCountry "MNE"]
[SourceTitle "playchess.com"]
[Source "ChessBase"]
[SourceQuality "1"]
[TimeControl "40/5400+30:1800+30"]

1. d4 e6 2. e4 d5 3. e5 c5 4. c3 Nc6 5. Nf3 Qb6 6. a3 c4 7. Be2 Na5 8. Nbd2 Bd7 9. O-O Ne7 10. Kh1 Nc8 11. Ng5 h6 12. Nh3 Qc7 13. f4 Nb6 14. g4 O-O-O 15. f5 Ba4 16. Qe1 Bc2 17. Qg3 Kb8 18. Nf4 Qd7 19. Ng2 Be7 20. Ne3 Ba4 21. Rb1 Ka8 22. Nf3 Nb3 23. Bd2 Bg5 24. h4 Nxd2 25. Nxd2 Bxe3 26. Qxe3 exf5 27. Qf4 g6 28. Rbc1 Qe7 29. gxf5 gxf5 30. Rg1 Bd7 31. Bd1 Be6 32. Bc2 Nc8 33. Nf3 Qd7 34. a4 h5 35. Rg7 Ne7 36. Rcg1 Ng6 37. R1xg6 fxg6 38. Rxd7 Rxd7 39. Ng5 Re7 40. Bd1 Bd7 41. a5 1-0

[Event "Vladimir Bato Kontic Memorial 2021"]
[Site "Niksic"]
[Date "2021.04.18"]
[Round "4.9"]
[White "Tomic, Aleksandar"]
[Black "Nikac, Predrag"]
[Result "1-0"]
[ECO "B53"]
[WhiteElo "2377"]
[BlackElo "2318"]
[Annotator "RC"]
[PlyCount "79"]
[EventDate "2021.04.17"]
[EventType "swiss"]
[EventCountry "MNE"]
[SourceTitle "playchess.com"]
[Source "ChessBase"]
[SourceQuality "1"]
[TimeControl "40/5400+30:1800+30"]

1. Nf3 d6 2. e4 c5 3. d4 cxd4 4. Qxd4 Nc6 5. Qe3 Nf6 6. c4 g6 7. h3 Bg7 8. Be2 O-O 9. O-O a5 10. Bd2 Nb4 11. Rc1 b6 12. Nc3 Bb7 13. Rab1 Na6 14. Bd1 Rc8 15. b3 Nc5 16. Bc2 e6 17. Rd1 d5 18. Be1 Re8 19. Rbc1 Qc7 20. e5 Nfe4 21. Nb5 Qb8 22. Bb1 f5 23. exf6 Nxf6 24. Bc3 Nh5 25. Be5 Bxe5 26. Nxe5 Rcd8 27. Re1 Rf8 28. Qh6 Ne4 29. Ng4 Rd7 30. Bxe4 dxe4 31. Rcd1 Qd8 32. Rxd7 Qxd7 33. Qe3 Qd8 34. Nc3 Nf4 35. Rd1 Qg5 36. Rd7 Bc6 37. Rc7 Ba8 38. Qd4 e5 39. Qd7 Qh4 40. Qg7# 1-0

[Event "Vladimir Bato Kontic Memorial 2021"]
[Site "Niksic"]
[Date "2021.04.19"]
[Round "5.1"]
[White "Suleymanli, Aydin"]
[Black "Dardha, Daniel"]
[Result "1-0"]
[ECO "E20"]
[WhiteElo "2520"]
[BlackElo "2516"]
[Annotator "ChessBase"]
[PlyCount "95"]
[EventDate "2021.04.17"]
[EventType "swiss"]
[EventCountry "MNE"]
[SourceTitle "playchess.com"]
[Source "ChessBase"]
[SourceQuality "1"]
[TimeControl "40/5400+30:1800+30"]

1. d4 Nf6 2. c4 e6 3. Nc3 Bb4 4. f3 c5 5. d5 O-O 6. e4 b5 7. Nh3 bxc4 8. Bxc4 Ba6 9. Bxa6 Nxa6 10. O-O c4 11. Kh1 h6 12. Be3 Re8 13. Bd4 e5 14. Be3 Nc5 15. Ne2 Rc8 16. Nf2 Qb6 17. Ng3 Qa6 18. Qe2 Nd3 19. Rfd1 Nf4 20. Bxf4 exf4 21. Nf5 Bf8 22. Qd2 g6 23. Nd4 Qd6 24. Ne2 Qe5 25. Nxf4 Rb8 26. Rab1 Bb4 27. Qc1 Qc7 28. Ne2 Bf8 29. Rd2 Qa5 30. Nc3 Bc5 31. Qf1 Be3 32. Rc2 Rec8 33. Re1 Bd4 34. Nfd1 d6 35. Rd2 Bb6 36. f4 Rd8 37. Qxc4 Re8 38. e5 Rbc8 39. Qd3 Nh5 40. g3 dxe5 41. fxe5 Qb4 42. Qf3 Rcd8 43. Nf2 Bd4 44. Re4 Rxd5 45. Qd3 Bxc3 46. Qxd5 Bxd2 47. Rxb4 Bxb4 48. Qb5 1-0

[Event "Vladimir Bato Kontic Memorial 2021"]
[Site "Niksic"]
[Date "2021.04.19"]
[Round "5.2"]
[White "Niemann, Hans Moke"]
[Black "Sanal, Vahap"]
[Result "1-0"]
[ECO "E11"]
[WhiteElo "2508"]
[BlackElo "2572"]
[Annotator "ChessBase"]
[PlyCount "79"]
[EventDate "2021.04.17"]
[EventType "swiss"]
[EventCountry "MNE"]
[SourceTitle "playchess.com"]
[Source "ChessBase"]
[SourceQuality "1"]
[TimeControl "40/5400+30:1800+30"]

1. d4 e6 2. c4 Bb4+ 3. Bd2 Bxd2+ 4. Qxd2 d5 5. Nc3 Nf6 6. Nf3 O-O 7. e3 Qe7 8. Rc1 b6 9. cxd5 exd5 10. Bd3 Bb7 11. O-O Nbd7 12. Ne2 Ne4 13. Qc2 Rac8 14. b3 Rfe8 15. Qb2 a5 16. Rfd1 h5 17. Nf4 h4 18. Bf1 Ndf6 19. Nd3 Ng4 20. h3 Nh6 21. b4 Ra8 22. Rc2 Nf5 23. Rdc1 Rec8 24. b5 f6 25. Qb3 g5 26. Nd2 Nxd2 27. Rxd2 a4 28. Qb4 Nd6 29. Rdc2 Ra7 30. Be2 Ba8 31. Nb2 a3 32. Na4 Qd7 33. Qxa3 Ra5 34. Nxb6 cxb6 35. Qxd6 Qxd6 36. Rxc8+ Kg7 37. R1c7+ Kg6 38. Rg8+ Kh6 39. Bd3 f5 40. Rgg7 1-0

[Event "Vladimir Bato Kontic Memorial 2021"]
[Site "Niksic"]
[Date "2021.04.19"]
[Round "5.4"]
[White "Draskovic, Luka"]
[Black "Djukic, Nikola"]
[Result "1-0"]
[ECO "A36"]
[WhiteElo "2472"]
[BlackElo "2515"]
[Annotator "ChessBase"]
[PlyCount "67"]
[EventDate "2021.04.17"]
[EventType "swiss"]
[EventCountry "MNE"]
[SourceTitle "playchess.com"]
[Source "ChessBase"]
[SourceQuality "1"]
[TimeControl "40/5400+30:1800+30"]

1. c4 g6 2. Nc3 Bg7 3. g3 c5 4. Bg2 Nc6 5. e3 e5 6. Nge2 Nge7 7. b3 O-O 8. O-O d6 9. Bb2 Be6 10. Nd5 Qd7 11. Nec3 f5 12. f4 Rae8 13. d3 Kh8 14. Qd2 Ng8 15. a3 Nf6 16. b4 b6 17. b5 Ne7 18. Nxf6 Bxf6 19. Rae1 Bg7 20. e4 exf4 21. Rxf4 Ng8 22. exf5 Bxf5 23. Ref1 Qe6 24. Nd5 Bxb2 25. Qxb2+ Qe5 26. d4 cxd4 27. g4 d3 28. Qd2 Qe2 29. Qc3+ Re5 30. gxf5 d2 31. Bf3 Qe1 32. Re4 Qxf1+ 33. Kxf1 Rfxf5 34. Ke2 1-0

[Event "Vladimir Bato Kontic Memorial 2021"]
[Site "Niksic"]
[Date "2021.04.19"]
[Round "5.5"]
[White "Nikcevic, Nebojsa"]
[Black "Kisic, Bozidar"]
[Result "1/2-1/2"]
[ECO "E90"]
[WhiteElo "2393"]
[BlackElo "2263"]
[Annotator "RC"]
[PlyCount "83"]
[EventDate "2021.04.17"]
[EventType "swiss"]
[EventCountry "MNE"]
[SourceTitle "playchess.com"]
[Source "ChessBase"]
[SourceQuality "1"]
[TimeControl "40/5400+30:1800+30"]

1. Nf3 c5 2. c4 g6 3. d4 Bg7 4. d5 b5 5. e4 d6 6. cxb5 a6 7. Nc3 Nf6 8. h3 O-O 9. a4 Nbd7 10. Bd2 Re8 11. Bd3 axb5 12. Bxb5 Ba6 13. O-O Bxb5 14. axb5 Qb6 15. Qe2 Qb7 16. Bf4 Rxa1 17. Rxa1 Nb6 18. Nd2 Nfd7 19. Qd3 Ra8 20. Qf1 h6 21. Ra6 Nb8 22. Ra1 N8d7 23. Nb3 Rxa1 24. Qxa1 Nc4 25. Qa6 Qb8 26. Na4 Ndb6 27. Nbxc5 g5 28. Nxb6 Qxb6 29. Na4 Qd4 30. b6 Nxb6 31. Nxb6 gxf4 32. Qc8+ Kh7 33. Qf5+ Kg8 34. Qc8+ Kh7 35. Qf5+ Kg8 36. Nc8 Bf6 37. b3 Kf8 38. h4 Qd1+ 39. Kh2 Qd4 40. Kg1 Qd1+ 41. Kh2 Qd4 42. Kg1 1/2-1/2

[Event "Vladimir Bato Kontic Memorial 2021"]
[Site "Niksic"]
[Date "2021.04.19"]
[Round "5.6"]
[White "Kalezic, Blazo"]
[Black "Injac, Teodora"]
[Result "1/2-1/2"]
[ECO "B22"]
[WhiteElo "2456"]
[BlackElo "2340"]
[Annotator "ChessBase"]
[PlyCount "37"]
[EventDate "2021.04.17"]
[EventType "swiss"]
[EventCountry "MNE"]
[SourceTitle "playchess.com"]
[Source "ChessBase"]
[SourceQuality "1"]
[TimeControl "40/5400+30:1800+30"]

1. e4 c5 2. c3 d5 3. exd5 Qxd5 4. d4 Nf6 5. Nf3 e6 6. Be3 Be7 7. Na3 cxd4 8. Nb5 O-O 9. Qxd4 Qxd4 10. Bxd4 Nc6 11. Bxf6 Bxf6 12. O-O-O a6 13. Nd6 Rd8 14. Be2 Be7 15. Nxc8 Raxc8 16. Rxd8+ Rxd8 17. Kc2 Bc5 18. Rf1 Kf8 19. b4 1/2-1/2

[Event "Vladimir Bato Kontic Memorial 2021"]
[Site "Niksic"]
[Date "2021.04.19"]
[Round "5.7"]
[White "Runic, Zoran"]
[Black "Tomic, Aleksandar"]
[Result "1-0"]
[ECO "D13"]
[WhiteElo "2378"]
[BlackElo "2377"]
[Annotator "ChessBase"]
[PlyCount "91"]
[EventDate "2021.04.17"]
[EventType "swiss"]
[EventCountry "MNE"]
[SourceTitle "playchess.com"]
[Source "ChessBase"]
[SourceQuality "1"]
[TimeControl "40/5400+30:1800+30"]

1. Nf3 d5 2. d4 Nf6 3. c4 e6 4. Nc3 c6 5. Bg5 Nbd7 6. cxd5 cxd5 7. e3 a6 8. Bd3 Be7 9. Rc1 b5 10. a4 b4 11. Ne2 Bb7 12. O-O Bd6 13. Bf4 Bxf4 14. exf4 O-O 15. Ne5 Qb6 16. Qd2 g6 17. g4 Rac8 18. h3 Kg7 19. Qe3 Qd6 20. f3 a5 21. Bb5 Nb8 22. h4 Rxc1 23. Rxc1 Rc8 24. h5 Ng8 25. g5 Ne7 26. Rxc8 Bxc8 27. Be8 Nf5 28. Nxf7 Qc7 29. Qe5+ Qxe5 30. Nxe5 gxh5 31. Kf2 h4 32. Bb5 Nd6 33. Nc1 Nxb5 34. axb5 Bd7 35. b6 Bb5 36. b3 Kf8 37. Kg2 Ke7 38. Kh3 Kd6 39. Kxh4 Nc6 40. Kh5 Nxd4 41. Kh6 a4 42. Kxh7 axb3 43. Nxb3 Nf5 44. g6 Ne7 45. g7 Ba4 46. Ng6 1-0

[Event "Vladimir Bato Kontic Memorial 2021"]
[Site "Niksic"]
[Date "2021.04.19"]
[Round "5.8"]
[White "Plenca, Jadranko"]
[Black "Krivokapic, Marko"]
[Result "0-1"]
[ECO "B51"]
[WhiteElo "2472"]
[BlackElo "2380"]
[Annotator "ChessBase"]
[PlyCount "176"]
[EventDate "2021.04.17"]
[EventType "swiss"]
[EventCountry "MNE"]
[SourceTitle "playchess.com"]
[Source "ChessBase"]
[SourceQuality "1"]
[TimeControl "40/5400+30:1800+30"]

1. e4 c5 2. Nf3 d6 3. Bb5+ Nd7 4. c3 Ngf6 5. Qe2 a6 6. Ba4 Qc7 7. Bc2 e6 8. d4 cxd4 9. cxd4 b5 10. a4 b4 11. b3 Bb7 12. Bb2 Be7 13. O-O O-O 14. Bd3 Rfc8 15. Nbd2 a5 16. Rac1 Qd8 17. Rcd1 Nf8 18. g3 Qb6 19. Nc4 Qd8 20. d5 exd5 21. exd5 Nxd5 22. Be4 Nc3 23. Bxc3 Bxe4 24. Qxe4 bxc3 25. Rd5 Nd7 26. Qe3 Nf6 27. Rb5 Ra6 28. Qd3 d5 29. Ne3 Rb6 30. Nd4 Bb4 31. Rd1 Rxb5 32. axb5 Qb6 33. Nc6 Qc5 34. Qf5 Re8 35. Qd3 g6 36. Qe2 Re6 37. Qf3 Kg7 38. Nd4 Re4 39. Nec2 h5 40. Kg2 Nd7 41. Nf5+ gxf5 42. Qxf5 Ne5 43. Qg5+ Ng6 44. Rxd5 Qe7 45. Qxh5 Rh4 46. Qf3 Rf4 47. Qd3 Qe4+ 48. Qxe4 Rxe4 49. b6 Re7 50. Rb5 Rb7 51. Kf3 Ne7 52. Ke2 Nc6 53. f4 Rd7 54. Ke3 Rd2 55. Nxb4 axb4 56. b7 Rd7 57. Rb6 Nb8 58. Rxb4 c2 59. Rc4 Rxb7 60. Rxc2 Rxb3+ 61. Kf2 Nd7 62. g4 Nf6 63. g5 Ng4+ 64. Ke1 Rf3 65. Rc4 Nxh2 66. Ke2 Rh3 67. f5 Nf3 68. g6 Ne5 69. Rc7 Kf6 70. gxf7 Nxf7 71. Rc4 Kxf5 72. Ra4 Nd6 73. Ra8 Kf4 74. Rf8+ Nf5 75. Rf7 Ke4 76. Kf2 Rh2+ 77. Kg1 Rc2 78. Kf1 Rh2 79. Kg1 Rb2 80. Kf1 Ne3+ 81. Kg1 Ng4 82. Rf8 Ke3 83. Kh1 Rd2 84. Rf5 Nh2 85. Re5+ Kf4 86. Re1 Nf3 87. Re4+ Kg5 88. Rg4+ Kh5 0-1

[Event "Vladimir Bato Kontic Memorial 2021"]
[Site "Niksic"]
[Date "2021.04.19"]
[Round "5.10"]
[White "Sukovic, Andrej"]
[Black "Sahin, Ozgun"]
[Result "0-1"]
[ECO "B33"]
[WhiteElo "2283"]
[BlackElo "2281"]
[Annotator "ChessBase"]
[PlyCount "88"]
[EventDate "2021.04.17"]
[EventType "swiss"]
[EventCountry "MNE"]
[SourceTitle "playchess.com"]
[Source "ChessBase"]
[SourceQuality "1"]
[TimeControl "40/5400+30:1800+30"]

1. e4 c5 2. Nf3 Nc6 3. d4 cxd4 4. Nxd4 Nf6 5. Nc3 e5 6. Ndb5 d6 7. Bg5 a6 8. Na3 b5 9. Nd5 Be7 10. Bxf6 Bxf6 11. c3 Bg5 12. Nc2 O-O 13. g3 Rb8 14. Bg2 Ne7 15. Ncb4 Bb7 16. Nxe7+ Qxe7 17. O-O g6 18. a3 h5 19. Qd3 h4 20. Rad1 Rbd8 21. Qe2 Qe6 22. Nd5 hxg3 23. hxg3 Kg7 24. f4 exf4 25. gxf4 Bh6 26. Qd3 Bxd5 27. Qxd5 Qg4 28. Qd4+ f6 29. Qe3 Rfe8 30. Rd5 Re5 31. Qb6 Rxd5 32. Qxd8 Rd2 33. Qe7+ Kg8 34. Qe8+ Kh7 35. Qf7+ Bg7 36. Rf2 Rd1+ 37. Rf1 Rxf1+ 38. Kxf1 Qxf4+ 39. Ke2 Qg3 40. Bf3 Qh2+ 41. Kd3 Qxb2 42. Qe6 Qb1+ 43. Kd4 f5+ 44. Kd5 Qd3+ 0-1

[Event "Vladimir Bato Kontic Memorial 2021"]
[Site "Niksic"]
[Date "2021.04.19"]
[Round "5.11"]
[White "Nikac, Predrag"]
[Black "Miletic, Vuk"]
[Result "1/2-1/2"]
[ECO "B72"]
[WhiteElo "2318"]
[BlackElo "2254"]
[Annotator "ChessBase"]
[PlyCount "72"]
[EventDate "2021.04.17"]
[EventType "swiss"]
[EventCountry "MNE"]
[SourceTitle "playchess.com"]
[Source "ChessBase"]
[SourceQuality "1"]
[TimeControl "40/5400+30:1800+30"]

1. e4 c5 2. Nf3 Nc6 3. d4 cxd4 4. Nxd4 g6 5. Nc3 Bg7 6. Be3 Nf6 7. Bc4 O-O 8. Bb3 d6 9. h3 Na5 10. O-O a6 11. f4 Nxb3 12. axb3 b5 13. b4 Bb7 14. Qd3 Rc8 15. Nb3 Qc7 16. Bd4 Nd7 17. Bxg7 Kxg7 18. Rf2 Nb6 19. Na5 Nc4 20. Nd5 Bxd5 21. exd5 Nxa5 22. Rxa5 Qc4 23. Qxc4 Rxc4 24. c3 Ra8 25. g4 Re4 26. Kg2 Re3 27. Rd2 Kf6 28. Ra1 g5 29. Rf1 gxf4 30. Rxf4+ Kg6 31. Rdf2 f6 32. R4f3 Re5 33. Rf5 Re3 34. h4 h6 35. R5f3 Re5 36. Rf5 Re3 1/2-1/2

[Event "Vladimir Bato Kontic Memorial 2021"]
[Site "Niksic"]
[Date "2021.04.20"]
[Round "6.1"]
[White "Suleymanli, Aydin"]
[Black "Niemann, Hans Moke"]
[Result "1/2-1/2"]
[ECO "D31"]
[WhiteElo "2520"]
[BlackElo "2508"]
[Annotator "ChessBase"]
[PlyCount "139"]
[EventDate "2021.04.17"]
[EventType "swiss"]
[EventCountry "MNE"]
[SourceTitle "playchess.com"]
[Source "ChessBase"]
[SourceQuality "1"]
[TimeControl "40/5400+30:1800+30"]

1. d4 d5 2. c4 e6 3. Nc3 a6 4. cxd5 exd5 5. Bf4 Nf6 6. e3 Bd6 7. Bg5 Be6 8. Bd3 Nbd7 9. Nge2 h6 10. Bh4 Qe7 11. f3 c5 12. O-O O-O 13. Kh1 Rfe8 14. f4 Nb6 15. Ng3 cxd4 16. exd4 Qd8 17. Qf3 Be7 18. f5 Bd7 19. Rae1 Bc6 20. Re2 Qd6 21. Rfe1 Bf8 22. Nh5 Nxh5 23. Qxh5 Rxe2 24. Qxe2 Re8 25. Qf3 Rxe1+ 26. Bxe1 Be7 27. Ne2 Bf6 28. Qg3 Qe7 29. Qb8+ Kh7 30. Qg3 Na4 31. Nf4 Nxb2 32. Bc2 Kh8 33. Bf2 Bg5 34. Nh3 Qe2 35. Nxg5 hxg5 36. Bb3 Qf1+ 37. Bg1 Qxf5 38. Qc3 Nd3 39. Bc2 Bb5 40. Qc7 Kh7 41. Qxb7 Kg6 42. Qc7 Qe4 43. Qg3 Qe2 44. Bxd3+ Bxd3 45. h4 g4 46. Kh2 Be4 47. Qf2 Qc4 48. a3 f6 49. Qg3 Bf5 50. Be3 a5 51. Bf2 a4 52. Be3 Qe2 53. Bf2 Be4 54. Qe3 Qc2 55. Qg3 Kf7 56. Kg1 Bf5 57. Qf4 Ke7 58. Bg3 Qb1+ 59. Kh2 Kf7 60. Qc7+ Kg6 61. h5+ Kh7 62. Bf4 g3+ 63. Bxg3 Qd1 64. Qf4 Be4 65. Bf2 Qxh5+ 66. Qh4 Kg6 67. g4 Qxh4+ 68. Bxh4 Kh6 69. g5+ fxg5 70. Be1 1/2-1/2

[Event "Vladimir Bato Kontic Memorial 2021"]
[Site "Niksic"]
[Date "2021.04.20"]
[Round "6.4"]
[White "Kisic, Bozidar"]
[Black "Runic, Zoran"]
[Result "1-0"]
[ECO "A45"]
[WhiteElo "2263"]
[BlackElo "2378"]
[Annotator "RC"]
[PlyCount "51"]
[EventDate "2021.04.17"]
[EventType "swiss"]
[EventCountry "MNE"]
[SourceTitle "playchess.com"]
[Source "ChessBase"]
[SourceQuality "1"]
[TimeControl "40/5400+30:1800+30"]

1. d4 Nf6 2. Bg5 e6 3. Nd2 h6 4. Bh4 c5 5. e4 d5 6. e5 g5 7. Bg3 Ng8 8. h4 Nc6 9. hxg5 Nxd4 10. c3 Nf5 11. Qg4 Bg7 12. Ngf3 Nge7 13. O-O-O Bd7 14. Bd3 Qb6 15. Bf4 Rg8 16. Qh5 Ng6 17. g3 hxg5 18. Nxg5 Nfe7 19. Nxf7 Kxf7 20. Bxg6+ Nxg6 21. Ne4 Bf8 22. Nf6 Be7 23. Qh7+ Rg7 24. Qxg7+ Kxg7 25. Rh7+ Kf8 26. Bh6# 1-0

[Event "Vladimir Bato Kontic Memorial 2021"]
[Site "Niksic"]
[Date "2021.04.20"]
[Round "6.9"]
[White "Tomic, Aleksandar"]
[Black "Potpara, Nikola"]
[Result "0-1"]
[ECO "E13"]
[WhiteElo "2377"]
[BlackElo "2370"]
[Annotator "RC"]
[PlyCount "142"]
[EventDate "2021.04.17"]
[EventType "swiss"]
[EventCountry "MNE"]
[SourceTitle "playchess.com"]
[Source "ChessBase"]
[SourceQuality "1"]
[TimeControl "40/5400+30:1800+30"]

1. d4 Nf6 2. c4 e6 3. Nc3 Bb4 4. Nf3 b6 5. Bg5 Bb7 6. e3 h6 7. Bh4 g5 8. Bg3 Ne4 9. Nd2 Bxc3 10. bxc3 Nxg3 11. hxg3 d6 12. Rh2 Nd7 13. Be2 Qe7 14. Bf3 c6 15. Qa4 d5 16. cxd5 exd5 17. c4 Kf8 18. cxd5 cxd5 19. Rc1 Nf6 20. Nb1 Kg7 21. Qa3 Qd7 22. Bd1 Rac8 23. Nc3 a6 24. Na4 Qb5 25. Nc3 Qd3 26. Be2 Qf5 27. f3 Rhe8 28. Nd1 Rxc1 29. Qxc1 Rc8 30. Qb2 b5 31. Kd2 Qe6 32. Nf2 Re8 33. Qb3 Bc8 34. f4 Bd7 35. Rh1 b4 36. Rc1 a5 37. Rc5 a4 38. Qd3 Rb8 39. Qb1 b3 40. Rc3 bxa2 41. Qxa2 Rb4 42. Bd1 Qb6 43. Bc2 Qa5 44. Qa3 Bb5 45. Kd1 Bc4 46. Nd3 Bxd3 47. Bxd3 Qb6 48. Bc2 g4 49. Ke1 Qa5 50. Kd1 Ne4 51. Bxe4 dxe4 52. Rc5 Rb1+ 53. Rc1 Rb3 54. Qc5 Rb5 55. Qc8 h5 56. Qc3 Qxc3 57. Rxc3 Rb2 58. Rc2 Rb3 59. Kd2 a3 60. Rc5 a2 61. Ra5 Rb2+ 62. Kc3 Rxg2 63. d5 Rxg3 64. Rxa2 Rxe3+ 65. Kd4 Re1 66. Ke5 e3 67. d6 Rd1 68. Re2 Rd3 69. f5 Kh6 70. Re1 Kg5 71. Re2 h4 0-1

[Event "Vladimir Bato Kontic Memorial 2021"]
[Site "Niksic"]
[Date "2021.04.20"]
[Round "7.2"]
[White "Niemann, Hans Moke"]
[Black "Kisic, Bozidar"]
[Result "1-0"]
[ECO "D32"]
[WhiteElo "2508"]
[BlackElo "2263"]
[Annotator "ChessBase"]
[PlyCount "111"]
[EventDate "2021.04.17"]
[EventType "swiss"]
[EventCountry "MNE"]
[SourceTitle "playchess.com"]
[Source "ChessBase"]
[SourceQuality "1"]
[TimeControl "40/5400+30:1800+30"]

1. d4 d5 2. c4 e6 3. Nc3 c5 4. cxd5 cxd4 5. Qa4+ Bd7 6. Qxd4 exd5 7. Qxd5 Nc6 8. Bg5 Nf6 9. Qd2 h6 10. Bxf6 Qxf6 11. Nd5 Qd8 12. e4 Be6 13. O-O-O Bd6 14. Kb1 O-O 15. g3 Qe8 16. Bg2 Ne5 17. Rc1 Qb5 18. Bf1 Qa4 19. Bd3 f5 20. Bc2 Qb5 21. Qe2 Qxe2 22. Nxe2 fxe4 23. Ndf4 Bc4 24. Rhd1 Be7 25. Nc3 Bg5 26. Bxe4 Bxf4 27. gxf4 Rxf4 28. Bxb7 Rb8 29. Bd5+ Bxd5 30. Rxd5 Nc4 31. Rb5 Rbf8 32. Rb7 Nd2+ 33. Ka1 Rxf2 34. b4 Rxh2 35. Rxa7 Nc4 36. b5 Rff2 37. Ra4 Nb6 38. Rb4 Rc2 39. Rxc2 Rxc2 40. Na4 Nc4 41. b6 Rc1+ 42. Rb1 Rxb1+ 43. Kxb1 Na5 44. Kc2 Kf7 45. Kc3 h5 46. Kb4 Nb7 47. Nc5 Nd8 48. a4 h4 49. a5 h3 50. Ne4 h2 51. Ng3 Nc6+ 52. Kb5 Nd4+ 53. Kc5 Nb3+ 54. Kb4 Nd4 55. a6 Ne2 56. Nh1 1-0

[Event "Vladimir Bato Kontic Memorial 2021"]
[Site "Niksic"]
[Date "2021.04.20"]
[Round "7.4"]
[White "Osmak, Iulija"]
[Black "Sanal, Vahap"]
[Result "0-1"]
[ECO "E73"]
[WhiteElo "2428"]
[BlackElo "2572"]
[Annotator "ChessBase"]
[PlyCount "84"]
[EventDate "2021.04.17"]
[EventType "swiss"]
[EventCountry "MNE"]
[SourceTitle "playchess.com"]
[Source "ChessBase"]
[SourceQuality "1"]
[TimeControl "40/5400+30:1800+30"]

1. d4 Nf6 2. c4 g6 3. Nc3 Bg7 4. e4 O-O 5. Be2 d6 6. Be3 Nc6 7. d5 Ne5 8. h3 e6 9. Nf3 Nxf3+ 10. Bxf3 Nd7 11. Qd2 Nc5 12. O-O a5 13. Rab1 e5 14. Bd1 f5 15. exf5 Bxf5 16. Bc2 Qh4 17. Bxf5 gxf5 18. Bxc5 dxc5 19. Nb5 Rac8 20. Qxa5 Rf6 21. Qc3 Rg6 22. Kh1 c6 23. dxc6 bxc6 24. Na3 e4 25. Qe1 Qg5 26. Rg1 Re8 27. Nc2 Rh6 28. b4 f4 29. Rb3 Qf5 30. Qf1 e3 31. Nxe3 fxe3 32. fxe3 Qe6 33. bxc5 Rf8 34. Qe2 Qe4 35. Rf1 Rxh3+ 36. Kg1 Rh6 37. Rxf8+ Bxf8 38. Rb8 Qh4 39. Ra8 Qh2+ 40. Kf2 Rf6+ 41. Ke1 Qg1+ 42. Kd2 Rf2 0-1

[Event "Vladimir Bato Kontic Memorial 2021"]
[Site "Niksic"]
[Date "2021.04.20"]
[Round "7.6"]
[White "Runic, Zoran"]
[Black "Basso, Pier Luigi"]
[Result "0-1"]
[ECO "D45"]
[WhiteElo "2378"]
[BlackElo "2552"]
[Annotator "ChessBase"]
[PlyCount "64"]
[EventDate "2021.04.17"]
[EventType "swiss"]
[EventCountry "MNE"]
[SourceTitle "playchess.com"]
[Source "ChessBase"]
[SourceQuality "1"]
[TimeControl "40/5400+30:1800+30"]

1. Nf3 d5 2. d4 Nf6 3. c4 c6 4. Nc3 e6 5. e3 Nbd7 6. Qc2 b6 7. cxd5 cxd5 8. Bd3 Bb7 9. Bd2 a6 10. Ng1 Rc8 11. f3 b5 12. a3 e5 13. Bf5 exd4 14. exd4 g6 15. Bh3 Bg7 16. Nge2 O-O 17. O-O Qb6 18. Kh1 Rcd8 19. Qd3 Nb8 20. a4 Rfe8 21. a5 Qa7 22. Nc1 Bc8 23. Bxc8 Rxc8 24. N3e2 Rc4 25. b3 Rcc8 26. Bb4 Bf8 27. Bxf8 Kxf8 28. Qd2 Qe7 29. Kg1 Nc6 30. Kf2 Nb4 31. Nc3 Nc2 32. Ra2 Qe3+ 0-1

[Event "Vladimir Bato Kontic Memorial 2021"]
[Site "Niksic"]
[Date "2021.04.20"]
[Round "7.7"]
[White "Potpara, Nikola"]
[Black "Injac, Teodora"]
[Result "0-1"]
[ECO "A20"]
[WhiteElo "2370"]
[BlackElo "2340"]
[Annotator "NA"]
[PlyCount "82"]
[EventDate "2021.04.17"]
[EventType "swiss"]
[EventCountry "MNE"]
[SourceTitle "playchess.com"]
[Source "ChessBase"]
[SourceQuality "1"]
[TimeControl "40/5400+30:1800+30"]

1. c4 e5 2. g3 Nf6 3. Bg2 c6 4. d4 e4 5. d5 Bb4+ 6. Bd2 Qe7 7. Nc3 O-O 8. a3 Bxc3 9. Bxc3 d6 10. e3 Bf5 11. Ne2 c5 12. h3 h6 13. g4 Bh7 14. Ng3 Nbd7 15. h4 Ne5 16. g5 Nd3+ 17. Qxd3 exd3 18. gxf6 Qd7 19. Bh3 Qa4 20. fxg7 Rfe8 21. O-O Qxc4 22. Nh5 Re5 23. Nf6+ Kxg7 24. f4 Rxe3 25. Ng4+ Qxc3 26. bxc3 Rxh3 27. Kg2 Rxh4 28. Kg3 Rh5 29. c4 Re8 30. Rae1 Rxe1 31. Rxe1 b5 32. Ne3 bxc4 33. Kg4 Rh2 34. Nxc4 Rc2 35. Nxd6 d2 36. Rd1 c4 37. f5 c3 38. Ne4 Rc1 39. f6+ Kg6 40. Nxc3 Rxd1 41. Nxd1 Kxf6 0-1

[Event "Vladimir Bato Kontic Memorial 2021"]
[Site "Niksic"]
[Date "2021.04.20"]
[Round "7.8"]
[White "Nikac, Predrag"]
[Black "Sahin, Ozgun"]
[Result "0-1"]
[ECO "B72"]
[WhiteElo "2318"]
[BlackElo "2281"]
[Annotator "NA"]
[PlyCount "72"]
[EventDate "2021.04.17"]
[EventType "swiss"]
[EventCountry "MNE"]
[SourceTitle "playchess.com"]
[Source "ChessBase"]
[SourceQuality "1"]
[TimeControl "40/5400+30:1800+30"]

1. e4 c5 2. Nc3 Nc6 3. Nge2 g6 4. d4 cxd4 5. Nxd4 Bg7 6. Be3 Nf6 7. Bc4 O-O 8. Bb3 d6 9. h3 Na5 10. O-O a6 11. f4 Nxb3 12. axb3 b5 13. b4 Bb7 14. Nb3 Nxe4 15. Na5 Nxc3 16. bxc3 Be4 17. Ra3 Rc8 18. Bd2 Qb6+ 19. Kh1 d5 20. Qe2 Bxc2 21. Qxe7 Rfe8 22. Qh4 Re2 23. Be1 Be4 24. Bf2 Qf6 25. Qg4 Qe6 26. Qg3 d4 27. Re1 Rxe1+ 28. Bxe1 Bd5 29. Kh2 Qe2 30. cxd4 Rc2 31. h4 Qxg2+ 32. Qxg2 Rxg2+ 33. Kh3 Re2 34. Ra1 Re3+ 35. Bg3 Rd3 36. Re1 Bxd4 0-1

[Event "Vladimir Bato Kontic Memorial 2021"]
[Site "Niksic"]
[Date "2021.04.20"]
[Round "7.9"]
[White "Kalezic, Blazo"]
[Black "Plenca, Jadranko"]
[Result "1-0"]
[ECO "C84"]
[WhiteElo "2456"]
[BlackElo "2472"]
[Annotator "ChessBase"]
[PlyCount "77"]
[EventDate "2021.04.17"]
[EventType "swiss"]
[EventCountry "MNE"]
[SourceTitle "playchess.com"]
[Source "ChessBase"]
[SourceQuality "1"]
[TimeControl "40/5400+30:1800+30"]

1. e4 e5 2. Nf3 Nc6 3. Bb5 a6 4. Ba4 Nf6 5. O-O b5 6. Bb3 Bb7 7. d3 Be7 8. Nc3 O-O 9. a3 Nd4 10. Ba2 d6 11. Nxd4 exd4 12. Ne2 c5 13. Ng3 d5 14. e5 Nd7 15. Re1 f5 16. f4 Rc8 17. c3 dxc3 18. bxc3 Kh8 19. c4 dxc4 20. dxc4 Nb6 21. cxb5 axb5 22. Be6 Qc7 23. Nxf5 Rcd8 24. Qg4 Rxf5 25. Bxf5 c4 26. Kh1 Nd5 27. Qh3 g6 28. Bxg6 Bc5 29. e6 Qg7 30. f5 Bd4 31. Bh6 Qe7 32. Bg5 Bf6 33. Bxf6+ Nxf6 34. Rad1 Rg8 35. Re2 c3 36. Qxc3 Rg7 37. Rd7 Nxd7 38. exd7 Bxg2+ 39. Kg1 1-0